Map: Base du roi Sejong EC

Players

zidar

  • Race: Zerg Zerg
  • League: Platinum
  • Spawn Location: 11:00

MuT - Winner!

  • Race: Terran Terran
  • Spawn Location: 5:00

VOD

Have the link to the VOD?

Description

Time

  • Played on: Oct. 20, 2016, 3:33 p.m.
  • Length: 10:20
Show
View Real Time Build Order
Export as new Build Order

zidar Zerg 

Build Orders: Hatch First, Muta Ling Bane 

Get SALT Encoding   

  12  0:02  Drone  
  13  0:12  Overlord  
  13  0:17  Drone  
  14  0:30  Drone x2  
  16  0:54  Hatchery  
  15  0:58  Extractor  
  15  1:03  Drone x2  
  16  1:16  Spawning Pool  
  15  1:20  Drone  
  16  1:26  Drone  
  17  1:33  Drone  
  17  1:36  Drone  
  19  1:50  Drone  
  20  1:57  Overlord  
  20  2:04  Queen  
  22  2:12  Zergling x4  
  23  2:16  Queen  
  23  2:20  Zergling x2  
  26  2:28  Metabolic Boost  
  26  2:45  Drone x2  
  27  2:52  Drone x4  
  31  3:00  Extractor  
  30  3:10  Roach Warren  
  29  3:26  Lair  
  29  3:27  Pneumatized Carapace  
  29  3:39  Zergling x4  
  29  3:40  Zergling x2  
  32  3:50  Drone x3  
  32  3:52  Drone  
  36  4:12  Overlord x2  
  36  4:28  Overlord x2  
  36  4:29  Queen  
  38  4:32  Roach  
  38  4:33  Roach x2  
  38  4:38  Drone x3  
  47  4:41  Drone  
  48  4:46  Drone  
  49  5:06  Roach x2  
  53  5:07  Roach  
  53  5:08  Roach x2  
  59  5:14  Drone x5  
  64  5:36  Evolution Chamber  
  64  5:38  Evolution Chamber  
  62  5:56  Baneling Nest  
  62  5:57  Hatchery  
  60  6:07  Zerg Ground Armor Level 1, Zerg Melee Weapons Level 1  
  60  6:10  Drone x3  
  63  6:12  Drone x5  
  63  6:17  Extractor x2  
  66  6:32  Spire  
  65  6:48  Zergling x6  
  65  6:51  Overlord x5  
  68  7:10  Drone x5  
  68  7:14  Queen  
  75  7:18  Centrifical Hooks  
  75  7:22  Drone x6  
  81  7:23  Drone x2  
  83  8:00  Mutalisk  
  83  8:01  Mutalisk x6  
  83  8:04  Baneling x2  
  83  8:05  Baneling x4  
  97  8:09  Zergling x14  
  97  8:10  Zergling x2  
  105  8:25  Zergling x14  
  112  8:27  Ravager x2  
  112  8:31  Baneling  
  112  8:33  Baneling  
  112  8:34  Baneling x7  
  112  8:35  Baneling x3  
  112  8:43  Zergling x2  
  112  8:44  Zergling x2  
  112  8:46  Overlord x3  
  112  8:47  Overlord  
  79  9:13  Zergling x10  
  79  9:14  Zergling x12  
  77  9:30  Zergling x8  
  52  9:49  Zergling x10  
  54  9:55  Baneling x4  
  54  9:58  Zergling x4  
Show
View Real Time Build Order
Export as new Build Order

MuT Terran - Winner!

Build Orders: Gas First Reaper Expand 

Get SALT Encoding   

  12  0:01  SCV  
  13  0:16  Supply Depot  
  13  0:18  SCV  
  14  0:28  Refinery  
  14  0:30  SCV  
  15  0:43  Barracks  
  15  0:46  SCV  
  16  0:58  SCV  
  17  1:10  SCV  
  18  1:22  SCV  
  19  1:30  Reaper  
  20  1:37  Command Center  
  20  1:47  Refinery  
  20  1:51  Orbital Command  
  20  2:02  Barracks Reactor  
  20  2:21  Factory  
  20  2:24  SCV, Supply Depot  
  21  2:36  SCV  
  22  2:50  SCV x2  
  23  2:55  Marine x2  
  25  3:06  Factory Tech Lab  
  25  3:09  SCV, Starport  
  25  3:10  Orbital Command  
  26  3:21  SCV  
  27  3:30  Reaper  
  27  3:33  Marine, SCV  
  30  3:39  Barracks  
  30  3:41  Barracks, SCV  
  31  3:45  SCV  
  32  3:50  Marine, Starport Reactor  
  33  3:59  Siege Tank  
  36  4:08  SCV x2  
  38  4:13  Supply Depot  
  38  4:20  Marine x2, SCV x2  
  42  4:26  Medivac x2  
  46  4:35  Siege Tank  
  46  4:37  Supply Depot  
  49  4:59  Marine x2  
  50  5:02  Barracks Tech Lab, Barracks Reactor  
  50  5:04  SCV x2  
  52  5:10  Supply Depot  
  52  5:12  Supply Depot  
  52  5:14  Bunker  
  52  5:16  SCV x2  
  52  5:19  Supply Depot  
  52  5:20  Supply Depot  
  54  5:28  Marine x2, SCV x2  
  55  5:30  Stimpack  
  55  5:32  Marauder  
  60  5:40  SCV x2, Medivac x2  
  66  5:48  Marine x2  
  66  5:49  Marine x2  
  69  5:52  SCV  
  69  5:53  SCV  
  69  5:54  Marauder  
  74  5:58  Engineering Bay  
  74  6:02  Engineering Bay  
  74  6:04  SCV  
  74  6:05  SCV  
  74  6:09  Marine x4  
  80  6:15  Marauder  
  82  6:27  Marine x4, Refinery  
  82  6:28  Refinery  
  82  6:30  Command Center  
  86  6:36  Marine  
  86  6:37  Terran Infantry Weapons Level 1  
  86  6:38  Terran Infantry Armor Level 1  
  87  6:42  Missile Turret  
  87  6:45  Marine x3  
  90  6:47  Missile Turret  
  90  6:54  Marauder  
  90  6:56  Marine  
  93  7:02  Medivac  
  94  7:31  Supply Depot  
  94  7:32  Supply Depot  
  94  7:35  Supply Depot  
  94  7:41  Marine x2  
  94  7:42  Marine x2, Marauder, Siege Tank, Medivac x2  
  107  7:55  Supply Depot  
  107  8:01  Combat Shield  
  107  8:03  Marine x2  
  107  8:04  Marine x2  
  107  8:05  Marauder  
  113  8:21  Marine x3  
  113  8:22  Marine  
  113  8:26  Marine  
  118  8:44  Marauder  
  118  8:48  Marine x3  
  120  8:49  Marine  
  105  9:05  Marauder  
  105  9:06  Marine x4  
  89  9:24  Marine x4  
  89  9:27  Marauder  
  93  9:37  SCV  
  94  9:42  Marine x4, Barracks  
  94  9:43  Barracks  
  94  9:44  Barracks  
  98  9:45  Barracks  
  98  9:46  Barracks  
  98  9:48  Marauder  
  98  9:49  SCV  
  101  9:59  Marine x2  
  101  10:00  Marine x2  
  101  10:01  SCV  
Tags
 
Add a new tag
Caveats
  • Supply blocks, unpowered buildings, or Contaminate may cause inaccurate times.
  • Supply counts are checked every 10 seconds.